 Dungeon Crawl Stone Soup version 0.24.0-37-gcf1ca852f1 (webtiles) character file.

Game seed: 17925373996313573845, levelgen mode: deterministic

144 Descartes the Skirmisher (level 5, -6/42 HPs)
             Began as a Formicid Abyssal Knight on Nov 22, 2019.
             Was a Believer of Lugonu.
             Mangled by Crazy Yiuf
             ... wielding a +3 quarterstaff of chaos
              (9 damage)
             ... on level 3 of the Dungeon.
             The game lasted 00:05:59 (2754 turns).

Descartes the Skirmisher (Formicid Abyssal Knight)  Turns: 2754, Time: 00:05:59

Health: -6/42      AC:  9    Str: 17    XL:     5   Next: 51%
Magic:  0/7        EV:  7    Int: 12    God:    Lugonu [**....]
Gold:   101        SH:  0    Dex: 10    Spells: 5/5 levels left

rFire    . . .     SeeInvis +   a - +2 hand axe
rCold    . . .     Gourm    .   (no shield)
rNeg     . . .     Faith    .   s - +0 chain mail
rPois    +         Spirit   +   (helmet unavailable)
rElec    .         Reflect  .   b - scarf {repulsion}
rCorr    .         Harm     .   (no gloves)
MR       +....                  (no boots)
Stlth    ..........             i - amulet of guardian spirit
HPRegen  0.14/turn              v - ring of poison resistance
MPRegen  0.10/turn              x - ring of protection from magic

@: very slightly contaminated, lightly drained, invisible (expiring), repel
missiles
A: permanent stasis, dig shafts and tunnels, four strong arms, antennae 3
a: Dig, Shaft Self, Depart the Abyss, Bend Space, Renounce Religion


You were on level 3 of the Dungeon.
You worshipped Lugonu.
Lugonu was pleased with you.
You were not hungry.

You visited 1 branch of the dungeon, and saw 3 of its levels.
You visited the Abyss 1 time.

You collected 101 gold pieces.

Inventory:

Hand Weapons
 a - a +2 hand axe (weapon)
 u - a +0 war axe
Missiles
 e - 13 stones (quivered)
 h - 16 poisoned darts
 m - 43 bolts
 n - 3 javelins
 p - 44 arrows
 r - 36 sling bullets
 w - 2 boomerangs
 z - 6 boomerangs of dispersal
Armour
 b - a scarf of repulsion (worn)
 s - a +0 chain mail (worn)
Jewellery
 i - an amulet of guardian spirit (around neck)
 v - a ring of poison resistance (left hand)
 x - a ring of protection from magic (right hand)
Scrolls
 d - 3 scrolls of remove curse
 g - 2 scrolls of enchant weapon
 j - a scroll of amnesia
 k - a scroll of noise {unknown}
 q - 2 scrolls of identify {unknown}
 t - a scroll of teleportation {unknown}
 y - a scroll of immolation {unknown}
Potions
 l - 2 potions of berserk rage {unknown}
 o - a potion of curing {unknown}
Comestibles
 c - 4 rations
 f - 3 chunks of flesh


   Skills:
 + Level 4.2(3.8) Fighting
 + Level 3.1(2.8) Axes
 + Level 3.1(2.8) Armour
 + Level 1.8(1.5) Dodging
 - Level 0.3(0.0) Stealth
 + Level 0.7(0.4) Spellcasting
 + Level 2.8(2.4) Invocations


You had 5 spell levels left.
You didn't know any spells.
Your spell library was empty.

Dungeon Overview and Level Annotations

Branches:
Dungeon (3/15)

Altars:
Hepliaklqana

Annotations:
D:3 Crazy Yiuf


Innate Abilities, Weirdness & Mutations

You cannot be hasted, slowed, berserked, paralysed or teleported.
You can dig through walls and to a lower floor.
Your four strong arms can wield two-handed weapons with a shield.
You have a pair of large antennae on your head. (SInv)


Message History

Crazy Yiuf is heavily wounded.
Crazy Yiuf whimpers, "Adder!"
Crazy Yiuf hits you with a +3 quarterstaff of chaos!
* * * LOW HITPOINT WARNING * * *
You closely miss Crazy Yiuf.
Crazy Yiuf is heavily wounded.
Crazy Yiuf hits you with a +3 quarterstaff of chaos.
* * * LOW HITPOINT WARNING * * *
You hit Crazy Yiuf.
Crazy Yiuf is severely wounded.
Crazy Yiuf hits you with a +3 quarterstaff of chaos!
* * * LOW HITPOINT WARNING * * *
You closely miss Crazy Yiuf.
Crazy Yiuf is severely wounded.
You flicker for a moment.
Crazy Yiuf barely misses you.
You hit Crazy Yiuf but do no damage.
Crazy Yiuf is severely wounded.
Crazy Yiuf hits you with a +3 quarterstaff of chaos!
You die...

##.......#........#
........>###.###..###
......##..g..# #....#
..##..##.########.#.#
..##..##.#...#......#
.###..##.#.#.#.#.#..#
...#.....#.#.#.#.#..#
.....#####.#.#.#.#..###
##########.#.#.#@#....#
...........#.#.#g#.#.##
##......####.#.#.#.#.#
#......##.....###.#.##
##).....##.#.###......#
..).....##...< #.#.####
...########### #...#
...# ###.# ...# #.#


You could see Crazy Yiuf.

Vanquished Creatures
  An orc priest (D:3)
  3 adders (D:2)
  2 worms
  A leopard gecko (D:2)
  6 orcs (D:3)
  7 bats
  13 giant cockroaches
  8 hobgoblins
  10 jackals
  A quokka (D:2)
  4 frilled lizards
  2 goblins (D:1)
  4 kobolds (D:1)
  7 rats
69 creatures vanquished.

Notes
Turn   | Place    | Note
-------+----------+-------------------------------------------
     0 | Abyss:1  | Descartes the Formicid Abyssal Knight began the quest for
                  | the Orb.
     0 | Abyss:1  | Reached XP level 1. HP: 18/18 MP: 2/2
    33 | Abyss:1  | Noticed a thrashing horror
    37 | Abyss:1  | Noticed a sixfirhy
    40 | D:1      | Escaped the Abyss
   450 | D:1      | Reached XP level 2. HP: 24/24 MP: 3/3
   468 | D:1      | Reached * piety under Lugonu
   861 | D:1      | Reached XP level 3. HP: 30/30 MP: 4/4
  1457 | D:2      | Found a hazy altar of Hepliaklqana.
  1672 | D:2      | Reached skill level 1 in Dodging
  1672 | D:2      | Reached XP level 4. HP: 32/37 MP: 5/5
  1674 | D:2      | Reached ** piety under Lugonu
  1698 | D:2      | Reached skill level 4 in Fighting
  2317 | D:3      | Reached XP level 5. HP: 31/42 MP: 4/6
  2523 | D:3      | Found a runed translucent door.
  2524 | D:3      | Noticed Crazy Yiuf
  2752 | D:3      | HP: 2/42 [Crazy Yiuf/+3 quarterstaff of chaos (8)]
  2754 | D:3      | Mangled by Crazy Yiuf

Levels and vault maps discovered:
D:1:      onia_arrival_mini_spirals, layout_loops_ring, st_stairs_8
D:2:      minmay_roachtagon, layout_basic, overflow_temple_1_default,
          first_ration
D:3:      lemuel_castle_with_subvaults [lemuel_castle_interior_carwin_1],
          layout_basic, ebering_ghost_inner_flame, serial_park_tiny_2,
          uniq_crazy_yiuf_cottage

Skill      XL: |  1  2  3  4 |
---------------+-------------+-----
Dodging        | 1 |  1.8
Fighting       | 4 |  4.2
Armour         | 3 |  3.1
Axes           | 3 |  3.1
Stealth        | |  0.3
Spellcasting   | |  0.7
Invocations    | |  2.8

Action                   |  1- 3 |  4- 6 || total
-------------------------+-------+-------++-------
Melee: Hand axe          |   120 |   127 ||   247
Invok: Depart the Abyss  |     1 |       ||     1
  Use: Scroll            |     3 |       ||     3
 Stab: Invisible         |       |     1 ||     1
  Eat: Chunk             |     2 |     4 ||     6
Armor: Leather armour    |    11 |       ||    11
       Scale mail        |    25 |       ||    25
       Chain mail        |    15 |    90 ||   105
Dodge: Dodged            |    73 |    57 ||   130
